Description

A build by none other then Serral, a good stratagy even in the higher leadder.

Replay - Bunny v Serral: Game 2 - Dreamcatcher LE

Build Order

Get SALT Encoding   

  12  0:00  Drone  
  13  0:12  Overlord  
  13  0:17  Drone  
  14  0:30  Drone x2  
  16  0:49  Hatchery  
  15  0:52  Drone  
  15  0:55  Drone  
  17  0:58  Drone  
  18  1:08  Extractor  
  17  1:13  Spawning Pool  
  17  1:17  Drone  
  17  1:20  Drone  
  18  1:27  Drone  
  19  1:38  Drone  
  20  1:49  Drone  
  21  2:00  Queen x2  
  26  2:01  Zergling x4  
  27  2:14  Hatchery  
  26  2:19  Overlord  
  26  2:23  Drone  
  26  2:26  Drone  
  27  2:38  Metabolic Boost, Drone  
  27  2:40  Drone x2  
  30  2:47  Queen  
  30  2:51  Overlord  
  32  2:54  Drone  
  32  2:57  Drone  
  34  2:59  Drone  
  35  3:11  Drone x2  
  37  3:13  Drone x3  
  37  3:17  Overlord  
  40  3:20  Drone  
  41  3:29  Drone x3  
  41  3:33  Queen  
  46  3:36  Roach Warren  
  46  3:37  Extractor  
  46  3:39  Drone x2  
  47  3:41  Drone  
  47  3:44  Overlord  
  47  3:45  Zergling x2  
  47  3:47  Zergling x2  
  49  3:50  Zergling x4  
  51  3:58  Zergling x2  
  51  4:00  Overlord  
  52  4:19  Overlord  
  52  4:20  Roach x8  
  52  4:23  Roach  
  72  4:24  Roach  
  72  4:31  Overlord  
  72  4:33  Spore Crawler  
  72  4:35  Roach  
  73  4:42  Roach x2  
  73  4:43  Roach x2  
  81  4:50  Zergling x10  
  84  4:55  Zergling x4  
  83  5:00  Overlord  
  83  5:06  Overlord  
  83  5:24  Ravager  
  83  5:25  Ravager  
  83  5:26  Ravager, Zergling x18  
Spawning Tool Build Advisor. Get it on Overwolf

Go to:

Details

  • Created by: Allyosn
  • Published on: Dec 18, 2018
  • Modified on: Dec 18, 2018
  • Patch: 4.7.1
Show
View Real Time Build Order
Export as new Build Order

Comments (0)

There are no comments. Be the first!

Create an account to comment!